 Dungeon Crawl Stone Soup version 0.29.1-1-gd02db6906a (webtiles) character file.

Game seed: 4221937717866906358

2837 karrick the Basher (level 10, -1/84 HPs)
             Began as a Meteoran Fighter on Sept 23, 2022.
             Slain by a troll (5 damage)
             ... on level 8 of the Dungeon.
             The game lasted 00:15:56 (3422 turns).

karrick the Basher (Meteoran Fighter)               Turns: 3422, Time: 00:15:57

Health: -1/84      AC: 10    Str: 19    XL:     10   Next: 23%
Magic:  0/11       EV: 11    Int: 10    God:
Gold:   115        SH:  6    Dex: 17    Spells: 9/9 levels left

rFire   + . .      SeeInvis .   a - +0 flail
rCold   . . .      Faith    .   c - +0 buckler
rNeg    . . .      Spirit   +   b - +0 scale mail
rPois   .          Reflect  .   i - +0 helmet
rElec   .          Harm     .   (no cloak)
rCorr   .          Rampage  .   (no gloves)
Will    +....                   y - +0 pair of boots
Stlth   ..........              r - amulet of guardian spirit
HPRegen 0.24/turn               q - +4 ring of slaying
MPRegen 0.12/turn               s - ring of protection from fire

@: glowing
A: sense surroundings 2, otherworldly, glowing, explore regen
a: no special abilities


You were on level 8 of the Dungeon.
You visited 1 branch of the dungeon, and saw 8 of its levels.

You collected 199 gold pieces.
You spent 84 gold pieces at shops.

Inventory:

Hand Weapons
 a - a +0 flail (weapon)
 j - a +2 dagger of venom
 t - a +1 vorpal war axe
Missiles
 w - 6 javelins (quivered)
 z - 3 throwing nets
Armour
 b - a +0 scale mail (worn)
 c - a +0 buckler (worn)
 i - a +0 helmet (worn)
 y - a +0 pair of boots (worn)
Jewellery
 q - a +4 ring of slaying (left hand)
 r - an amulet of guardian spirit (around neck)
 s - a ring of protection from fire (right hand)
 A - a ring of protection from cold
Wands
 v - a wand of digging (10)
 B - a wand of quicksilver (12)
 E - a wand of mindburst (7)
Scrolls
 e - a scroll of amnesia {unknown}
 f - a scroll of vulnerability {unknown}
 g - 4 scrolls of teleportation
 h - a scroll of noise {unknown}
 k - a scroll of butterflies
 l - a scroll of poison {unknown}
 m - 6 scrolls of identify {unknown}
 p - a scroll of torment {unknown}
 x - a scroll of enchant weapon {unknown}
 D - a scroll of fear
Potions
 n - a potion of mutation {unknown}
 o - a potion of flight
 u - a potion of brilliance
 C - a potion of invisibility {unknown}
 F - a potion of curing


   Skills:
 + Level 6.6 Fighting
 + Level 11.8 Maces & Flails
 + Level 7.9 Armour
 + Level 3.9 Dodging
 + Level 0.5 Stealth
 + Level 6.2 Shields


You had 9 spell levels left.
You didn't know any spells.
Your spell library contained the following spells:

 Spells                   Type           Power      Damage    Failure   Level
 Beastly Appendage        Tmut           0%         N/A       77%         1
 Foxfire                  Conj/Fire      0%         2x1d4     77%         1
 Magic Dart               Conj           0%         1d3       77%         1
 Call Imp                 Summ           0%         N/A       88%         2
 Wereblood                Tmut           0%         N/A       88%         2
 Conjure Flame            Conj/Fire      0%         6-21      98%         3
 Inner Flame              Hex/Fire       0%         N/A       98%         3
 Mephitic Cloud           Conj/Pois/Air  0%         N/A       98%         3
 Ozocubu's Armour         Ice            0%         N/A       98%         3
 Spider Form              Tmut/Pois      0%         N/A       98%         3
 Flame Wave               Conj/Fire      0%         2d4       100%        4
 Metabolic Englaciation   Hex/Ice        0%         N/A       100%        5
 Simulacrum               Ice/Necr       0%         N/A       100%        6


Dungeon Overview and Level Annotations

Branches:
Dungeon (8/15) Zot: 1348
 Temple: D:4-7         Lair: D:8-11

Altars:

Shops:
D:5 :*   D:8 ?


Innate Abilities, Weirdness & Mutations

You passively map the area around you.
You are easily found by Zot.
You glow in the dark.
You regain HP and MP as you explore.


Message History

The gnoll hits you from afar with a +0 halberd.
You hit the gnoll sergeant.
The gnoll sergeant is moderately wounded.
The gnoll sergeant barely misses you. The gnoll misses you.
You sock the gnoll sergeant!
The gnoll sergeant is severely wounded.
The gnoll sergeant hits you but does no damage.
The gnoll closely misses you.
You hit the gnoll sergeant but do no damage.
The gnoll sergeant is severely wounded.
The gnoll sergeant hits you with a +1 trident of flaming.
You sock the gnoll sergeant!
You kill the gnoll sergeant!
The gnoll hits you but does no damage. The gnoll hits you with a +0 halberd.
Items here: ) [ ††.
You barely miss the gnoll. The gnoll barely misses you.
You sock the gnoll!
The gnoll is almost dead.
The gnoll hits you with a +0 halberd!
You barely miss the gnoll.
The gnoll is almost dead.
The gnoll hits you with a +0 halberd.
* * * LOW HITPOINT WARNING * * *
You sock the gnoll!
You kill the gnoll!
You closely miss the troll. The troll bites you.
* * * LOW HITPOINT WARNING * * *
You block the troll's attack. x2
Okay, then.
You thump the troll!
The troll is moderately wounded.
The troll bites you!
* * * LOW HITPOINT WARNING * * *
The troll completely misses you. The troll claws you!
* * * LOW HITPOINT WARNING * * *
It was a potion of magic.
Magic courses through your body. The troll bites you!
* * * LOW HITPOINT WARNING * * *
The troll claws you!
You die...

~ ~........)...#.# **#
*#.... ~ ~ .~...........#.#
###.##.### ~
~.....#g######.##..........
~ , ~.......# #.##.##.##....
, ,~.~....T# #.##.##.##..#.
,,,,.....g.g# #.......##....
,, #####...# ###.......#.##
* * #...######.......#.#...
, ,, #..ggT@....#.(#..#.####
* #...#####..#.....#.#... ,
..)..... .....#..#..#.#...
......................)....
,* ,
..)............#.......#...
, ,
,.####...#####........###...
> , #...., ...#####.## ###.
* * * #...# ##### #.# ## **
* , * #.# #


You could see a troll and 2 gnolls.

Vanquished Creatures
  A hornet (D:7)
  A steam dragon (D:7)
  2 black bears (D:7)
  A sky beast (D:7)
  3 ice beasts
  A wolf (D:8)
  3 centaurs
  2 phantoms
  2 kobold brigands
  6 bullfrogs
  2 gnoll sergeants
  A scorpion (D:6)
  An electric eel (D:7)
  An orc priest (D:6)
  A gnoll bouda (D:6)
  9 hounds
  An orc wizard (D:4)
  An iguana (D:5)
  21 gnolls
  8 adders
  A shadow imp (D:5)
  An ufetubus (D:7)
  A worm (D:5)
  2 dart slugs
  16 orcs
  4 endoplasms
  A giant cockroach (D:3)
  6 goblins
  A hobgoblin (D:4)
  9 jackals
  8 kobolds
  6 quokkas
  5 ball pythons
  2 bats
  4 rats
135 creatures vanquished.

Notes
Turn   | Place    | Note
-------+----------+-------------------------------------------
     0 | D:1      | karrick the Meteoran Fighter began the quest for the Orb.
     0 | D:1      | Reached XP level 1. HP: 19/19 MP: 2/2
   105 | D:1      | Reached XP level 2. HP: 26/26 MP: 3/3
   165 | D:1      | Reached skill level 3 in Maces & Flails
   274 | D:2      | Reached XP level 3. HP: 30/31 MP: 4/4
   781 | D:3      | Reached XP level 4. HP: 37/40 MP: 5/5
   954 | D:3      | Found a faded altar of an unknown god.
  1109 | D:4      | Reached skill level 4 in Maces & Flails
  1120 | D:4      | Reached XP level 5. HP: 39/46 MP: 4/6
  1292 | D:4      | Reached skill level 5 in Maces & Flails
  1364 | D:5      | Entered Level 5 of the Dungeon
  1455 | D:5      | Noticed a centaur
  1466 | D:5      | Killed a centaur
  1467 | D:5      | Reached XP level 6. HP: 27/52 MP: 2/7
  1484 | D:5      | Noticed an ice beast
  1496 | D:5      | Killed an ice beast
  1497 | D:5      | Reached skill level 6 in Maces & Flails
  1497 | D:5      | Reached skill level 5 in Armour
  1497 | D:5      | Reached skill level 1 in Dodging
  1497 | D:5      | Reached XP level 7. HP: 21/59 MP: 4/8
  1765 | D:5      | Reached skill level 7 in Maces & Flails
  1772 | D:5      | Found Ring's Fire Supplies.
  1823 | D:5      | Found Tuke's Book Shoppe.
  1970 | D:6      | Reached skill level 5 in Shields
  1970 | D:6      | Reached XP level 8. HP: 37/67 MP: 5/9
  1998 | D:6      | Reached skill level 5 in Fighting
  2018 | D:6      | Reached skill level 8 in Maces & Flails
  2309 | D:6      | Gained mutation: You passively map the area around you.
                  | [Meteoran growth]
  2309 | D:6      | Reached XP level 9. HP: 74/74 MP: 10/10
  2456 | D:7      | Reached skill level 9 in Maces & Flails
  2910 | D:7      | Reached skill level 10 in Maces & Flails
  3079 | D:7      | Noticed a hornet
  3086 | D:7      | Paralysed by a hornet for 1 turns
  3087 | D:7      | Killed a hornet
  3093 | D:7      | Reached skill level 11 in Maces & Flails
  3174 | D:8      | Reached XP level 10. HP: 71/83 MP: 11/11
  3188 | D:8      | Found Osmousm's Magic Scroll Boutique.
  3197 | D:8      | Bought a scroll of teleportation for 36 gold pieces
  3197 | D:8      | Bought a scroll of fear for 48 gold pieces
  3422 | D:8      | HP: 4/84 [troll (8)]
  3422 | D:8      | Slain by a troll

Illustrated notes

Levels and vault maps discovered:
D:1:      elethiomel_arrival_shortcut, layout_loops_ring
D:2:      layout_loops_corners, cheibrodos_gnoll_hut
D:3:      layout_basic, hellmonk_ecumenical_altar_slurped_away
D:4:      layout_basic, minmay_temple_entry_enclosed_plants, nicolae_wormholes
D:5:      layout_loops_ring, serial_shops, nicolae_lakefront_shop,
          corexii_hall_statues_deadend, nicolae_shop_fire_sale
          [nicolae_sub_dead_trees]
D:6:      hellmonk_ruined_rings, layout_loops_ring
D:7:      cheibrodos_helix_gallery, layout_basic, chequers_serial_rivers_micro_c
D:8:      layout_loops_cross, erik_lair_island, serial_shops,
          nicolae_stop_n_shop_1

Skill      XL: |  1  2  3  4  5  6  7  8  9 |
---------------+----------------------------+-----
Maces & Flails | 3 4 5 6 7 8 11 | 11.8
Shields        | 4 5 6 |  6.2
Armour         | 4 5 6 7 |  7.9
Fighting       | 4 5 6 |  6.6
Dodging        | 1 2 3 |  3.9
Stealth        | |  0.5

Action                   |  1- 3 |  4- 6 |  7- 9 | 10-12 || total
-------------------------+-------+-------+-------+-------++-------
Melee: Flail             |    64 |    82 |   252 |    65 ||   463
  Use: Potion            |       |       |     8 |     1 ||     9
       Scroll            |       |       |     4 |       ||     4
Armor: Scale mail        |    32 |    53 |    96 |    30 ||   211
       Skin              |       |       |    24 |       ||    24
Dodge: Dodged            |    28 |    30 |    92 |    45 ||   195
Block: Buckler           |    14 |    26 |    71 |    31 ||   142
